 Dungeon Crawl Stone Soup version 0.30.0-3-ga4e48a9924 (webtiles) character file.

Game seed: 12901941861582622245

1984 dolemite99 the Grappler (level 9, -2/75 (76) HPs)
             Began as a Troll Reaver on May 8, 2023.
             Was a Believer of Uskayaw.
             Slain by a two-headed ogre
             ... wielding a +0 giant club
              (21 damage)
             ... on level 6 of the Dungeon.
             The game lasted 00:08:21 (6666 turns).

dolemite99 the Grappler (Troll Reaver)              Turns: 6666, Time: 00:08:21

HP:   -2/75 (76)    AC:  6    Str: 24    XL:     9   Next: 1%
MP:   11/11         EV:  8    Int: 11    God:    Uskayaw [**....]
Gold: 385           SH:  8    Dex:  8    Spells: 9/10 levels left

rFire   . .          .
                       - Unarmed
rCold   . . .        k - +0 kite shield
rNeg    . . .        a - +2 robe
rPois   .            (helmet restricted)
rElec   .            (no cloak)
rCorr   .            (gloves unavailable)
SInv    .            (boots unavailable)
Will    .....        d - amulet of faith
Stlth   +            (no ring)
HPRegen 1.12/turn    (no ring)
MPRegen 0.12/turn

%: faith
@: lightly drained
A: large, unfitting armour, claws 3, regeneration 1, shaggy fur 1, tough skin 1
a: Renounce Religion, Stomp, Line Pass


You were on level 6 of the Dungeon.
You worshipped Uskayaw.
Uskayaw was noncommittal.
You visited 1 branch of the dungeon, and saw 7 of its levels.
You also visited: Ossuary.

You collected 385 gold pieces.

Inventory:

Armour
 a - a +2 robe (worn)
 k - a +0 kite shield (worn)
 q - an orb of mayhem
Magical Staves
 e - a staff of cold
Jewellery
 b - an amulet of magic regeneration
 d - an amulet of faith (around neck)
 r - a ring of flight
Wands
 s - a wand of charming (9) (quivered)
 u - a wand of polymorph (4)
Scrolls
 f - 2 scrolls of enchant armour
 g - 4 scrolls of immolation
 i - 2 scrolls of identify {@r1}
 m - 2 scrolls of brand weapon
 o - 3 scrolls of magic mapping
 p - 2 scrolls of teleportation
Potions
 c - a potion of curing
 h - a potion of mutation
 j - 3 potions of brilliance
 l - a potion of berserk rage {unknown}
 n - a potion of resistance {unknown}
 t - a potion of attraction {unknown}
 v - a potion of might {unknown}


   Skills:
 - Level 1.5 Fighting
 - Level 1.5 Dodging
 - Level 4.8 Shields
 - Level 9.8 Unarmed Combat
 - Level 1.2 Spellcasting
 - Level 2.1 Conjurations
 + Level 4.0 Invocations


You had 9 spell levels left.
You knew the following spells:

 Your Spells              Type           Power      Damage    Failure   Level
a - Kiss of Death         Conj/Necr      12%        2d6       38%         1

Your spell library contained the following spells:

 Spells                   Type           Power      Damage    Failure   Level
 Shock                    Conj/Air       12%        1d3       38%         1
 Momentum Strike          Conj/Tloc      6%         3d8       54%         2
 Lesser Beckoning         Tloc           0%         N/A       69%         2
 Hailstorm                Conj/Ice       3%         3d3       77%         3
 Confusing Touch          Hex            0%         N/A       89%         3
 Gell's Gravitas          Tloc           0%         N/A       89%         3
 Portal Projectile        Hex/Tloc       0%         N/A       89%         3
 Summon Guardian Golem    Hex/Summ       0%         N/A       89%         3
 Swiftness                Air            0%         N/A       89%         3
 Teleport Other           Tloc           0%         N/A       89%         3
 Tukima's Dance           Hex            0%         N/A       89%         3
 Airstrike                Air            0%         2d(0-16)  100%        4
 Dispel Undead            Necr           0%         3d6       100%        4
 Blade Hands              Tmut           0%         N/A       100%        5
 Dispersal                Tloc           0%         N/A       100%        6
 Malign Gateway           Summ/Tloc      0%         N/A       100%        7
 Orb of Destruction       Conj           2%         9d5       100%        7
 Spellforged Servitor     Conj/Summ      1%         N/A       100%        7
 Summon Horrible Things   Summ           0%         N/A       100%        8


Dungeon Overview and Level Annotations

Branches:
Dungeon (7/15)            Ossuary (visited)
 Temple: D:4-7

Altars:
Dithmenos
Gozag
Uskayaw

Shops:
D:5 *


Innate Abilities, Weirdness & Mutations

You are too large for most types of armour.
You have claws for hands.
Your natural rate of healing is unusually fast.
You are covered in fur. (AC +1)
You have tough skin. (AC +1)


Message History

A two-headed ogre is nearby!
An orc comes into view. It is wielding a +0 dagger.
Found a stone staircase leading down.
Okay, then.
Casting: Kiss of Death (safe; 38% risk of failure)
Confirm with . or Enter, or press ? or * to list all spells.
You don't know that spell.
Okay, then.
Aiming: Charm
Press: ? - help, Shift-Dir - straight line, f - two-headed ogre
Aim: a two-headed ogre, wielding two +0 giant clubs (chance to affect: 31%)
The two-headed ogre easily resists.
The orc shouts!
Aiming: Charm
Press: ? - help, Shift-Dir - straight line, f/p - two-headed ogre
Aim: a two-headed ogre, wielding two +0 giant clubs (chance to affect: 31%)
The two-headed ogre easily resists.
Aiming: Charm
Press: ? - help, Shift-Dir - straight line, f/p - two-headed ogre
Aim: a two-headed ogre, wielding two +0 giant clubs (chance to affect: 31%)
The two-headed ogre easily resists.
Aiming: Charm
Press: ? - help, Shift-Dir - straight line, f/p - two-headed ogre
Aim: a two-headed ogre, wielding two +0 giant clubs (chance to affect: 31%)
The two-headed ogre easily resists.
The two-headed ogre hits you with a +0 giant club!
The two-headed ogre hits you with a +0 giant club.
You scratch the two-headed ogre.
The two-headed ogre is lightly wounded.
The two-headed ogre hits you with a +0 giant club!!
The two-headed ogre hits you with a +0 giant club!
You claw the two-headed ogre!
The two-headed ogre is moderately wounded.
You can now pass through a line of other dancers.
You scratch the two-headed ogre.
The two-headed ogre is heavily wounded.
The two-headed ogre hits you with a +0 giant club!
* * * LOW HITPOINT WARNING * * *
The two-headed ogre hits you with a +0 giant club!!
You die...

###########
##
#..........
..
#..........
...
#..........
....
#..........
.....
#...O......
......
#..@o......
......
#..........
......
#..........
......
#......)...
......
#..........
......
#..........
......
###..........
......
#...........>
.?....
#.#.........
......


You could see a two-headed ogre and an orc.

Vanquished Creatures
  Grinder (D:4)
  Edmund (D:4)
  An ice beast (D:6)
  2 ogres (D:6)
  2 phantoms
  A kobold brigand (D:6)
  A gnoll sergeant (D:5)
  A scorpion (D:6)
  5 wights (D:6)
  2 electric eels (D:7)
  4 hounds (D:5)
  2 orc priests
  A sleepcap (D:5)
  4 iguanas
  Natasha (D:3)
  4 orc wizards
  A mummy (Ossuary)
  7 adders
  10 gnolls
  A shadow imp (D:5)
  4 worms
  2 dart slugs
  12 orcs
  3 bats
  4 endoplasms
  3 giant cockroaches
  A gnoll zombie (D:4)
  14 goblins
  6 hobgoblins
  8 jackals (D:3)
  10 kobolds
  2 quokkas (D:1)
  6 ball pythons
  A frilled lizard (D:3)
  6 rats
134 creatures vanquished.

Vanquished Creatures (others)
  5 fungi (D:3)
  9 plants (D:3)
  4 toadstools (D:3)
18 creatures vanquished.

Grand Total: 152 creatures vanquished

Notes
Turn   | Place    | Note
-------+----------+-------------------------------------------
     0 | D:1      | dolemite99 the Troll Reaver began the quest for the Orb.
     0 | D:1      | Reached XP level 1. HP: 19/19 MP: 1/1
   107 | D:1      | Reached XP level 2. HP: 27/27 MP: 2/2
   497 | D:1      | Reached skill level 4 in Unarmed Combat
   748 | D:2      | Reached XP level 3. HP: 26/33 MP: 3/3
  1833 | D:3      | Reached skill level 5 in Unarmed Combat
  1833 | D:3      | Reached XP level 4. HP: 31/41 MP: 4/4
  2387 | D:3      | Noticed Natasha
  2392 | D:3      | Killed Natasha
  2438 | D:3      | Reached XP level 5. HP: 48/48 MP: 5/5
  2735 | D:3      | Reached skill level 6 in Unarmed Combat
  3060 | D:4      | Noticed Grinder
  3075 | D:4      | Killed Grinder
  3076 | D:4      | Reached skill level 7 in Unarmed Combat
  3076 | D:4      | Reached XP level 6. HP: 54/55 MP: 6/6
  3112 | D:4      | Noticed Edmund
  3139 | D:4      | Killed Edmund
  3140 | D:4      | Reached skill level 8 in Unarmed Combat
  3310 | D:4      | Reached XP level 7. HP: 62/62 MP: 7/7
  3440 | D:4      | Found a sand-covered staircase.
  3452 | Ossuary  | Entered an ossuary
  4012 | D:5      | Entered Level 5 of the Dungeon
  4122 | D:5      | Reached skill level 9 in Unarmed Combat
  4200 | D:5      | Found a hide-covered altar of Uskayaw.
  4209 | D:5      | Became a worshipper of Uskayaw the Reveller
  4215 | D:5      | Reached * piety under Uskayaw
  4246 | D:5      | Reached ** piety under Uskayaw
  4336 | D:5      | Reached *** piety under Uskayaw
  4337 | D:5      | Reached XP level 8. HP: 46/70 MP: 8/8
  4339 | D:5      | Reached **** piety under Uskayaw
  4714 | D:5      | Found an opulent altar of Gozag.
  4721 | D:5      | Found Gozag's Platinum Reserve.
  4932 | D:5      | Found a shadowy altar of Dithmenos.
  4940 | D:5      | Reached skill level 1 in Shields
  6054 | D:6      | Reached skill level 1 in Invocations
  6519 | D:6      | Reached XP level 9. HP: 62/75 MP: 9/11
  6658 | D:6      | Noticed a two-headed ogre
  6666 | D:6      | Slain by a two-headed ogre

Illustrated notes

Levels and vault maps discovered:
D:1:      mrwooster_arrival_statue_2, layout_basic
D:2:      layout_basic
D:3:      kennysheep_the_goblin_king, layout_loops_ring, serial_forest,
          infiniplex_forest_lined_3, infiniplex_forest_lined_room_3,
          infiniplex_forest_straight_5, infiniplex_forest_clump_double,
          infiniplex_forest_clump_tiny, infiniplex_forest_lined_ring,
          minmay_gold_behind_fungi, kennysheep_generic_room_13, uniq_natasha
D:4:      layout_rooms, enter_ossuary_3, uniq_edmund, uniq_grinder
D:5:      layout_loops_corners, nicolae_uskayaw_murder_on_the_dancefloor,
          nicolae_gozag_zags_fifth_avenue, grunt_dithmenos_shadows,
          minmay_misc_feat_hallway
D:6:      layout_basic
D:7:      kennysheep_slugbush, layout_cave_pods, tgw_trog, temple_pool_b

Skill      XL: |  1  2  3  4  5  6  7  8 |
---------------+-------------------------+-----
Unarmed Combat | 4 5 7 8 9 |  9.8
Shields        | 4 |  4.8
Invocations    | 4 |  4.0
Fighting       | |  1.5
Dodging        | |  1.5
Spellcasting   | |  1.2
Conjurations   | |  2.1

Action                     |  1- 3 |  4- 6 |  7- 9 || total
---------------------------+-------+-------+-------++-------
  Melee: Unarmed           |   103 |   136 |   185 ||   424
         Punch             |       |     3 |     1 ||     4
  Evoke: Wand              |       |       |    12 ||    12
    Use: Scroll            |       |    13 |     2 ||    15
         Potion            |       |       |     1 ||     1
   Stab: Paralysed         |       |       |     3 ||     3
 Armour: Robe              |    32 |    44 |    45 ||   121
  Dodge: Dodged            |    36 |    44 |    60 ||   140
  Block: Kite shield       |       |       |    21 ||    21
